 Dungeon Sprint DCSS version 0.28-a0-664-gc179e30c89 (webtiles) character file.

Game seed: 15209957076798188296

2564 iamoutofideas the Eclecticist (level 9, -18/45 HPs)
             Began as a Deep Elf Fire Elementalist on Oct 15, 2021.
             Was a Priest of Vehumet.
             Demolished by a two-headed ogre (28 damage)
             ... in the Dungeon (Sprint III: "The Ten Rune Challenge").
             The game lasted 00:05:49 (1681 turns).

iamoutofideas the Eclecticist (DEFE)                Turns: 1681, Time: 00:05:50

Health: -18/45     AC:  4    Str:  5    XL:     9   Next: 31%
Magic:  23/33      EV: 14    Int: 24    God:    Vehumet [***...]
Gold:   49         SH:  0    Dex: 15    Spells: 27/45 levels left

rFire   . . .      SeeInvis .   h - +4 dagger
rCold   . . .      Faith    .   (no shield)
rNeg    . . .      Spirit   .   r - +2 robe {Will+}
rPois   .          Reflect  .   (no helmet)
rElec   .          Harm     .   (no cloak)
rCorr   .          Rampage  .   (no gloves)
Will    +....      NoTele   +   (no boots)
Stlth   ++........              (no amulet)
HPRegen 0.15/turn               (no ring)
MPRegen 0.23/turn               (no ring)

@: lethally poisoned (-18 -> -46)
A: talons 1, wild magic 1
a: Renounce Religion


You were in the Dungeon.
You worshipped Vehumet.
Vehumet was most pleased with you.
You visited 1 branch You collected 49 gold pieces.

Inventory:

Hand Weapons
 h - a +4 dagger (weapon)
 o - a +2 long sword of holy wrath
Armour
 a - a +0 robe
 n - a +0 ring mail
 r - a +2 robe of willpower (worn)
Wands
 q - a wand of mindburst (8)
Scrolls
 g - a scroll of blinking
 j - 2 scrolls of holy word
 l - a scroll of immolation
Potions
 b - 2 potions of curing
 c - 3 potions of heal wounds
 d - a potion of haste
 e - 2 potions of magic
 f - a potion of berserk rage
 i - a potion of might
 k - 2 potions of flight
 m - 3 potions of mutation
Miscellaneous
 p - a box of beasts


   Skills:
 - Level 0.3 Fighting
 + Level 4.7 Dodging
 - Level 2.5 Stealth
 + Level 18.6 Spellcasting
 + Level 8.6 Conjurations
 + Level 14.8 Fire Magic
 + Level 1.0 Poison Magic


You had 27 spell levels left.
You knew the following spells:

 Your Spells              Type           Power      Damage    Failure   Level
a - Foxfire               Conj/Fire      100%       2x1d9     1%          1
b - Scorch                Fire           100%       2d10      1%          2
c - Conjure Flame         Conj/Fire      80%        6-21      1%          3
d - Flame Wave            Conj/Fire      80%        3d14      1%          4
e - Mephitic Cloud        Conj/Pois/Air  49%        N/A       1%          3
f - Call Imp              Summ           29%        N/A       5%          2
g - Frozen Ramparts       Ice            58%        1d7       3%          3

Your spell library contained the following spells:

 Spells                   Type           Power      Damage    Failure   Level
 Dazzling Flash           Conj/Hex       100%       N/A       1%          3
 Magic Dart               Conj           100%       1d8       1%          1
 Inner Flame              Hex/Fire       66%        N/A       1%          3


Dungeon Overview and Level Annotations

Branches:
Dungeon (1/1)

Altars:
Cheibriados
Dithmenos
Elyvilon
Fedhas
Gozag
Hepliaklqana
Kikubaaqudgha
Makhleb
Nemelex Xobeh
Okawaru
Qazlal
Ru
Sif Muna
Trog
Uskayaw
Vehumet
Wu Jian
Xom
Yredelemnul
Zin
The Shining One
Beogh
Jiyva
Lugonu


Innate Abilities, Weirdness & Mutations

You have sharp toenails.
Your spells are a little harder to cast, but a little more powerful.


Message History

You feel your power returning. (Press . to intensify the flame waves.)
A redback comes into view.
Casting: Flame Wave (safe; 1% risk of failure)
Confirm with . or Enter, or press ? or * to list all spells.
Flames lash the two-headed ogre.
The two-headed ogre is lightly wounded.
The two-headed ogre's fire resistance burns away.
The redback bites you.
You are lethally poisoned!
The redback poisons you!
Casting: Scorch (safe; 1% risk of failure)
Confirm with . or Enter, or press ? or * to list all spells.
Casting: Flame Wave (safe; 1% risk of failure)
Press: ? - help, Dir - look around, f - activate A wave of flame ripples out!
The flame wave engulfs the redback!!
You kill the redback!
Vehumet accepts your kill.
Vehumet offers you knowledge of Dazzling Flash.
You feel your power returning. (Press . to intensify the flame waves.)
You feel extremely sick.
Your Poison Magic skill increases to level 1!
A wave of flame ripples out!
The flame wave engulfs the two-headed ogre!!
The two-headed ogre is burned terribly!
The two-headed ogre is heavily wounded.
You feel extremely sick.
The two-headed ogre barely misses you. x2
Unknown command.
A wave of flame ripples out!
The flame wave engulfs the two-headed ogre!!
The two-headed ogre is burned terribly!
The two-headed ogre is almost dead.
You finish channelling waves of flame.
* * * LOW HITPOINT WARNING * * *
You feel extremely sick.
The two-headed ogre hits you with a +0 giant club!!
Ouch! That really hurt!
You die...

#._# #)## ...# ...# ##'#
...#+##############
...#....#.#.#.....#
...##.#..#.##)###.#
..)'##.#.#.##.#.@##
..)#.).#..#..##..O..^.^.
▓▓▓▓▓▓▓▓▓▓▓▓▓▓▓▓▓#..^^.^
.^.... ..... ^.... ####


You could see a two-headed ogre (combustible).

Vanquished Creatures
  Erolcha (D)
  A deep elf pyromancer (D)
  2 redbacks (D)
  A shadow (D)
  A necrophage (D)
  4 two-headed ogres (D)
  A water elemental (D)
  A scorpion (D)
  A jelly (D)
  Jessica (D)
  A wizard (D)
  A necromancer (D)
  A kobold demonologist (D)
  3 humans (D)
  3 rats (D)
23 creatures vanquished.

Vanquished Creatures (others)
  50 foxfires (D)
50 creatures vanquished.

Grand Total: 73 creatures vanquished

Notes
Turn   | Place    | Note
-------+----------+-------------------------------------------
     0 | D        | iamoutofideas the Deep Elf Fire Elementalist began the
                  | quest for the Orb.
     0 | D        | Reached XP level 1. HP: 10/10 MP: 6/6
    37 | D        | Noticed Jessica
    46 | D        | Killed Jessica
    47 | D        | Reached skill level 5 in Spellcasting
    47 | D        | Reached skill level 5 in Fire Magic
    47 | D        | Reached XP level 2. HP: 11/15 MP: 1/10
   129 | D        | Learned a level 2 spell: Scorch
   160 | D        | Reached skill level 6 in Spellcasting
   160 | D        | Reached XP level 3. HP: 16/19 MP: 3/13
   242 | D        | Noticed a scorpion
   250 | D        | Killed a scorpion
   251 | D        | Reached skill level 8 in Spellcasting
   251 | D        | Reached XP level 4. HP: 13/24 MP: 8/16
   560 | D        | Gained mutation: You are strong-willed. (Will+) [potion of
                  | mutation]
   560 | D        | Gained mutation: Your magical capacity is low. (-10% MP)
                  | [potion of mutation]
   560 | D        | Gained mutation: You have a pair of small antennae on your
                  | head. [potion of mutation]
   561 | D        | Lost mutation: Your magical capacity is low. (-10% MP)
                  | [potion of mutation]
   561 | D        | Lost mutation: You have a pair of small antennae on your
                  | head. [potion of mutation]
   561 | D        | Lost mutation: You are strong-willed. (Will+) [potion of
                  | mutation]
   561 | D        | Gained mutation: You have sharp toenails. [potion of
                  | mutation]
   561 | D        | Gained mutation: Your spells are a little harder to cast,
                  | but a little more powerful. [potion of mutation]
   625 | D        | Learned a level 3 spell: Conjure Flame
   630 | D        | Learned a level 4 spell: Flame Wave
   631 | D        | Noticed a water elemental
   642 | D        | Killed a water elemental
   643 | D        | Reached skill level 10 in Spellcasting
   643 | D        | Reached XP level 5. HP: 17/28 MP: 12/19
   772 | D        | Found a basalt altar of Yredelemnul.
   772 | D        | Found a shadowy altar of Dithmenos.
   772 | D        | Found a sacrificial altar of Ru.
   772 | D        | Noticed a necrophage
   775 | D        | Killed a necrophage
   776 | D        | Reached skill level 11 in Spellcasting
   902 | D        | Found a radiant altar of Vehumet.
   902 | D        | Found a shimmering blue altar of Sif Muna.
   902 | D        | Found an ancient bone altar of Kikubaaqudgha.
   905 | D        | Reached skill level 12 in Spellcasting
   905 | D        | Reached XP level 6. HP: 32/32 MP: 18/23
   912 | D        | Became a worshipper of Vehumet
   917 | D        | Learned a level 3 spell: Mephitic Cloud
   942 | D        | Found a hide-covered altar of Uskayaw.
   942 | D        | Found an iron altar of Okawaru.
   942 | D        | Found a bloodstained altar of Trog.
   942 | D        | Found an ornate altar of the Wu Jian Council.
   942 | D        | Noticed a human
   942 | D        | Noticed a human
   948 | D        | Killed a human
   949 | D        | Reached skill level 13 in Spellcasting
   949 | D        | Reached skill level 10 in Fire Magic
   949 | D        | Killed a human
   950 | D        | Reached skill level 14 in Spellcasting
   950 | D        | Reached XP level 7. HP: 31/36 MP: 15/27
  1014 | D        | Learned a level 2 spell: Call Imp
  1014 | D        | Found a glowing silver altar of Zin.
  1014 | D        | Found a glowing golden altar of the Shining One.
  1014 | D        | Found a white marble altar of Elyvilon.
  1014 | D        | Noticed a deep elf pyromancer
  1019 | D        | Killed a deep elf pyromancer
  1019 | D        | Reached * piety under Vehumet
  1019 | D        | Offered knowledge of Freeze by Vehumet.
  1020 | D        | Reached skill level 15 in Spellcasting
  1020 | D        | Reached skill level 5 in Conjurations
  1127 | D        | Noticed a shadow
  1129 | D        | Killed a shadow
  1130 | D        | Reached skill level 16 in Spellcasting
  1130 | D        | Reached XP level 8. HP: 39/41 MP: 24/30
  1162 | D        | Found a blossoming altar of Fedhas.
  1162 | D        | Found a stormy altar of Qazlal.
  1163 | D        | Found a snail-covered altar of Cheibriados.
  1163 | D        | Found a burning altar of Makhleb.
  1163 | D        | Found a hazy altar of Hepliaklqana.
  1163 | D        | Found a shimmering altar of Xom.
  1163 | D        | Found an opulent altar of Gozag.
  1163 | D        | Found a sparkling altar of Nemelex Xobeh.
  1163 | D        | Found a corrupted altar of Lugonu.
  1163 | D        | Found a viscous altar of Jiyva.
  1196 | D        | Offered knowledge of Static Discharge by Vehumet.
  1196 | D        | Reached ** piety under Vehumet
  1279 | D        | Noticed a two-headed ogre
  1284 | D        | Killed a two-headed ogre
  1285 | D        | Reached skill level 17 in Spellcasting
  1500 | D        | Offered knowledge of Frozen Ramparts by Vehumet.
  1505 | D        | Learned a level 3 spell: Frozen Ramparts
  1597 | D        | Noticed Erolcha
  1600 | D        | Killed Erolcha
  1601 | D        | Reached skill level 18 in Spellcasting
  1601 | D        | Reached XP level 9. HP: 36/45 MP: 23/33
  1671 | D        | Noticed a two-headed ogre
  1677 | D        | Reached *** piety under Vehumet
  1679 | D        | Offered knowledge of Dazzling Flash by Vehumet.
  1680 | D        | Reached skill level 1 in Poison Magic
  1681 | D        | Demolished by a two-headed ogre

Illustrated notes

Levels and vault maps discovered:
D:        dungeon_sprint_mu [sprint_mu_entry_forest, sprint_mu_temple_rooms,
          sprint_mu_d1_spiders, sprint_mu_d2_genie, sprint_mu_d3_branching,
          sprint_mu_orc_legion, sprint_mu_elf_gauntlet, sprint_mu_hive_nellie,
          sprint_mu_lair_fedhas, sprint_mu_vaults_butterflies,
          sprint_mu_slime_circle, sprint_mu_swamp_cave, sprint_mu_shoals_kraken,
          sprint_mu_blade_basic, sprint_mu_crypt_lich, sprint_mu_tomb_spiral,
          sprint_mu_vestibule_basic, sprint_mu_gehenna_hellfire,
          sprint_mu_dis_giant, sprint_mu_tartarus_statrot,
          sprint_mu_cocytus_islands, sprint_mu_zot1]

Skill      XL: |  1  2  3  4  5  6  7  8  9 |
---------------+----------------------------+-----
Fire Magic     | 5 6 7 8 9 11 12 14 | 14.8
Spellcasting   | 5 6 8 10 12 14 16 18 | 18.6
Conjurations   | 2 3 4 6 8 |  8.6
Dodging        | 3 4 |  4.7
Poison Magic   | 1 |  1.0
Fighting       | |  0.3
Stealth        | |  2.5

Action                   |  1- 3 |  4- 6 |  7- 9 || total
-------------------------+-------+-------+-------++-------
Melee: Dagger            |     1 |       |     1 ||     2
 Cast: Foxfire           |    16 |     4 |    10 ||    30
       Scorch            |     2 |     1 |     5 ||     8
       Flame Wave        |       |     3 |     8 ||    11
       Conjure Flame     |       |     1 |     2 ||     3
       Mephitic Cloud    |       |       |     1 ||     1
  Use: Potion            |       |     2 |       ||     2
       Scroll            |       |     2 |       ||     2
Armor: Robe              |       |       |     1 ||     1
Dodge: Dodged            |     7 |     4 |     8 ||    19

Table legend: (Time is in decaauts)
 A = Elapsed time spent in this place.
 B = Non-inter-level travel time spent in this place.
 C = Inter-level travel time spent in this place.
 D = Time resting spent in this place.
 E = Time spent auto-exploring this place.
 F = Levels seen in this place.
 G = Mean time per level.
                   A        B        C        D        E       F      G
               +--------+--------+--------+--------+--------+-----+--------+
         Total |   1682 |   1675 |      7 |   1293 |      1 |   1 | 1682.0 |
       Dungeon |   1682 |   1675 |      7 |   1293 |      1 |   1 | 1682.0 |
               +--------+--------+--------+--------+--------+-----+--------+

Top non-repeatable levels by time:
       D: 1682 daAuts
